 Dungeon Crawl Stone Soup version 0.29-a0-551-gffc1d7fb78 (webtiles) character file.

Game seed: 13118127946630154535

282 shadowstone the Shield-Bearer (level 6, -1/38 HPs)
             Began as a Gargoyle Fighter on June 5, 2022.
             Was an Initiate of Okawaru.
             Killed from afar by a steam dragon (18 damage)
             ... with a ball of steam
             ... on level 6 of the Dungeon.
             The game lasted 00:08:11 (2113 turns).

shadowstone the Shield-Bearer (Gargoyle Fighter)    Turns: 2113, Time: 00:08:12

Health: -1/38      AC: 16    Str: 21    XL:     6   Next: 28%
Magic:  6/6        EV:  9    Int:  9    God:    Okawaru [......]
Gold:   71         SH:  4    Dex:  9    Spells: 5/5 levels left

rFire   . . .      SeeInvis .   a - +0 trident
rCold   . . .      Faith    .   c - +0 buckler
rNeg    + . .      Spirit   .   b - +0 scale mail
rPois   ∞          Reflect  .   (no helmet)
rElec   +          Harm     .   (no cloak)
rCorr   .          Rampage  .   (no gloves)
Will    .....                   h - +0 pair of boots
Stlth   ..........              (no amulet)
HPRegen 0.12/turn               j - +4 ring of protection
MPRegen 0.10/turn               m - ring of poison resistance

@: no status effects
A: sickness immunity, AC +4, negative energy resistance 1, electricity
resistance, torment resistance 1, petrification resistance
a: Renounce Religion


You were on level 6 of the Dungeon.
You worshipped Okawaru.
Okawaru was noncommittal.
You visited 1 branch of the dungeon, and saw 6 of its levels.

You collected 71 gold pieces.

Inventory:

Hand Weapons
 a - a +0 trident (weapon)
Missiles
 o - 2 poisoned darts (quivered)
Armour
 b - a +0 scale mail (worn)
 c - a +0 buckler (worn)
 h - a +0 pair of boots (worn)
Jewellery
 j - a +4 ring of protection (left hand)
 m - a ring of poison resistance (right hand)
Scrolls
 e - 3 scrolls of identify {unknown}
 f - 2 scrolls of immolation {unknown}
 i - a scroll of blinking {unknown}
 k - a scroll of torment {unknown}
Potions
 d - a potion of might
 g - 3 potions of curing {unknown}
 l - a potion of haste {unknown}
 n - a potion of attraction {unknown}
 p - a potion of mutation {unknown}
 q - a potion of cancellation {unknown}


   Skills:
 + Level 4.2 Fighting
 + Level 3.7 Polearms
 + Level 4.2 Armour
 + Level 1.4 Dodging
 + Level 0.5 Stealth
 + Level 4.3 Shields


You had 5 spell levels left.
You didn't know any spells.
Your spell library contained the following spells:

 Spells                   Type           Power      Damage    Failure   Level
 Sting                    Tmut/Pois      0%         1d3       80%         1
 Poisonous Vapours        Pois/Air       0%         N/A       91%         2
 Corpse Rot               Necr/Pois/Air  0%         N/A       100%        4
 Olgreb's Toxic Radiance  Pois           0%         N/A       100%        4


Dungeon Overview and Level Annotations

Branches:
Dungeon (6/15)
 Temple: D:4-7

Altars:
Okawaru

Shops:
D:2 *   D:3 [

Annotations:
D:4 3 runed translucent doors, samgaumpmail's ghost, amateur DgTm


Innate Abilities, Weirdness & Mutations

You are immune to sickness and miasma.
Your stone body is resilient. (AC +4)
You are immune to poison.
You resist negative energy. (rN+)
You are resistant to electric shocks. (rElec)
You are resistant to unholy torment.
You are immune to petrification.


Message History

Things that are here:
a +0 falchion; a +0 leather armour
Things that are here:
a +0 falchion; a +0 leather armour
Found a spear.
Found a dark potion.
You see here a +0 falchion.
You see here a +0 mace.
Found a great sword and 5 gold pieces.
p - a dark potion
Found 15 gold pieces.
Found a murky white potion.
You now have 56 gold pieces (gained 5).
You now have 71 gold pieces (gained 15).
g - 3 murky white potions (gained 1) Really walk into that dispersal trap?
You enter a dispersal trap!
You blink.
You see here a +0 falchion.
There is an iron altar of Okawaru here.
You kneel at the altar of Okawaru.
Okawaru welcomes you!
You see here a +0 falchion.
Found a mace.
Found 11 stones.
Found a viscous emerald potion.
q - a viscous emerald potion 2 steam dragons come into view.
Found a mace.
The steam dragon hisses angrily. x2
The steam dragon breathes steam at you. The ball of steam hits you.
The steam dragon moves out of view. x2
The fungus is engulfed in a cloud of scalding steam.
The fungus begins to die.
The steam dragon breathes steam at you. The ball of steam hits you!!
You are engulfed in a cloud of scalding steam.
You are engulfed in a cloud of scalding steam.
The steam dragon breathes steam at you. The ball of steam hits you!!
You die...

######
#...###...
#..#.#...#
#...(.....
#........#
###..###.###
#.....# .#
####.#...##.##
.....#.......#
.......@.##.....
.....#.§.## .##.
.###.#..§.# #
#....§.# #
###.##D##.#
#.§.....#
######.####
#......##
#.####..#


You could see a steam dragon (catching breath).

Vanquished Creatures
  Eustachio (D:6)
  A hound (D:5)
  4 adders
  2 shadow imps
  An ufetubus (D:5)
  3 worms
  2 dart slugs
  A ball python (D:2)
  4 endoplasms
  5 giant cockroaches
  A goblin (D:3)
  6 hobgoblins
  2 jackals (D:2)
  2 quokkas (D:3)
  3 bats
  2 frilled lizards
  6 kobolds
46 creatures vanquished.

Vanquished Creatures (others)
  A fungus (D:6)
1 creature vanquished.

Grand Total: 47 creatures vanquished

Notes
Turn   | Place    | Note
-------+----------+-------------------------------------------
     0 | D:1      | shadowstone the Gargoyle Fighter began the quest for the
                  | Orb.
     0 | D:1      | Reached XP level 1. HP: 14/14 MP: 1/1
   185 | D:2      | Reached XP level 2. HP: 15/19 MP: 2/2
   287 | D:2      | Reached XP level 3. HP: 8/24 MP: 3/3
   317 | D:2      | Found Zinuczaw's General Store.
   697 | D:3      | Found Ogaunius's Antique Armour Shop.
   957 | D:4      | Noticed samgaumpmail's ghost (amateur DgTm)
   959 | D:4      | Found a runed translucent gate.
   959 | D:4      | Noticed an ogre
  1087 | D:4      | Reached XP level 4. HP: 16/29 MP: 4/4
  1140 | D:4      | Found a runed translucent gate.
  1140 | D:4      | Found a runed translucent gate.
  1300 | D:5      | Entered Level 5 of the Dungeon
  1660 | D:5      | Reached skill level 1 in Dodging
  1707 | D:5      | Reached XP level 5. HP: 32/33 MP: 5/5
  1835 | D:6      | Noticed Eustachio
  1860 | D:6      | Killed Eustachio
  1861 | D:6      | Reached XP level 6. HP: 30/38 MP: 6/6
  1903 | D:6      | Found an iron altar of Okawaru.
  2070 | D:6      | Became a worshipper of Warmaster Okawaru
  2101 | D:6      | Noticed a steam dragon
  2101 | D:6      | Noticed a steam dragon
  2113 | D:6      | Killed from afar by a steam dragon

Illustrated notes

Levels and vault maps discovered:
D:1:      dpeg_arrival_shelter, layout_basic, serial_shops, nicolae_shop_stone
D:2:      layout_rooms, basic_ecumenical_altar, serial_shops, shop,
          nicolae_shop_temple_entry_statues_fountains,
          minmay_goblin_kobold_house
D:3:      layout_rooms, serial_shops, shop
D:4:      layout_cave_pools, gammafunk_ghost_split
D:5:      layout_basic, item_on_display_a
D:6:      kennysheep_steamy, layout_loops_cross, okawaru_ov_weapons_minmay,
          minmay_temple_entry_sparse_star, uniq_crazy_yiuf_cottage,
          uniq_eustachio, uniq_pikel

Skill      XL: |  1  2  3  4  5 |
---------------+----------------+-----
Polearms       | 2 3 |  3.7
Fighting       | 4 |  4.2
Dodging        | 1 |  1.4
Armour         | 4 |  4.2
Shields        | 4 |  4.3
Stealth        | |  0.5

Action                   |  1- 3 |  4- 6 || total
-------------------------+-------+-------++-------
Melee: Trident           |   106 |    94 ||   200
Armor: Scale mail        |   109 |    69 ||   178
Dodge: Dodged            |    98 |    83 ||   181
Block: Buckler           |    37 |    27 ||    64

Table legend: (Time is in decaauts)
 A = Elapsed time spent in this place.
 B = Non-inter-level travel time spent in this place.
 C = Inter-level travel time spent in this place.
 D = Time resting spent in this place.
 E = Time spent auto-exploring this place.
 F = Levels seen in this place.
 G = Mean time per level.
                   A        B        C        D        E       F      G
               +--------+--------+--------+--------+--------+-----+--------+
         Total |   2155 |   2133 |     22 |    429 |      0 |   6 |  359.2 |
       Dungeon |   2155 |   2133 |     22 |    429 |      0 |   6 |  359.2 |
               +--------+--------+--------+--------+--------+-----+--------+

Top non-repeatable levels by time:
     D:5: 546 daAuts
     D:2: 538 daAuts
     D:4: 348 daAuts
     D:6: 283 daAuts
     D:3: 265 daAuts
     D:1: 173 daAuts
